 Dungeon Crawl Stone Soup version 0.30-a0-652-gcc886f7154 (console) character file.

Game seed: 9801771830169527610

4223 jejorda2 the Spear-Bearer (level 10, -1/76 HPs)
             Began as a Merfolk Berserker on Jan 17, 2023.
             Was a Priest of Trog.
             Succumbed to Grum's poison
             ... on level 8 of the Dungeon.
             The game lasted 00:16:07 (6338 turns).

jejorda2 the Spear-Bearer (Merfolk Berserker)       Turns: 6338, Time: 00:16:07

Health: -1/76      AC: 16    Str: 22    XL:     10   Next: 30%
Magic:  10/10      EV:  8    Int:  7    God:    Trog [***...]
Gold:   466        SH:  0    Dex: 13    Spells: 9/9 levels left

rFire   + . .      SeeInvis .    a - +0 glaive
rCold   . . .      Faith    .    (shield currently unavailable)
rNeg    . . .      Spirit   .    f - +0 plate armour
rPois   .          Reflect  .    k - +0 helmet
rElec   .          Harm     .    D - +2 cloak
rCorr   .          Rampage  .    (no gloves)
Will    ++...                    x - +0 pair of boots Stlth
                                 n - amulet of regeneration
HPRegen 2.12/turn                i - ring of protection from fire
MPRegen 0.12/turn                (no ring)

@: lethally poisoned (-1 -> -13), strong-willed, on berserk cooldown,
regenerating, slowed, very slow
A: (nimble swimmer 2), mertail
a: Renounce Religion, Berserk, Trog's Hand


You were on level 8 of the Dungeon.
You worshipped Trog.
Trog was most pleased with you.
You visited 1 branch of the dungeon, and saw 8 of its levels.

You collected 498 gold pieces.
You spent 32 gold pieces at shops.

Inventory:

Hand Weapons
 a - a +0 glaive (weapon)
 b - a +0 trident
 F - the +9 sling "Ogrebane" {flame, +Blink rPois rN+ Int-3}
   (You found it on level 5 of the Dungeon)

   Int:       It affects your intelligence (-3).
   rPois:     It protects you from poison.
   rN:        It protects you from negative energy.
   +Blink:    It lets you blink.
Missiles
 c - 76 stones (quivered)
 v - a throwing net
 y - 15 poisoned darts
 B - 3 atropa-tipped darts
Armour
 f - a +0 plate armour (worn)
 k - a +0 helmet (worn)
 x - a +0 pair of boots (worn)
 D - a +2 cloak (worn)
Jewellery
 i - a ring of protection from fire (left hand)
 n - an amulet of regeneration (around neck)
Wands
 l - a wand of iceblast (27)
 r - a wand of mindburst (21)
 t - a wand of quicksilver (8)
 z - a wand of charming (7)
Scrolls
 g - 4 scrolls of vulnerability
 m - 2 scrolls of immolation
 u - a scroll of magic mapping
Potions
 e - 5 potions of curing
 j - a potion of mutation
 o - 2 potions of might
 p - 3 potions of flight
 q - a potion of attraction
 s - a potion of cancellation
 w - a potion of lignification


   Skills:
 - Level 6.0 Fighting
 * Level 14.7 Polearms
 - Level 6.0 Throwing
 + Level 2.4 Armour
 - Level 6.0 Dodging
 + Level 2.4 Evocations


You had 9 spell levels left.
You didn't know any spells.
Your spell library was empty.

Dungeon Overview and Level Annotations

Branches:
Dungeon (8/15)             Temple (0/1) D:7
   Lair: D:8-11

Altars:
Sif Muna

Shops:
D:4 (   D:7 ?=

Annotations:
D:8 Grum


Innate Abilities, Weirdness & Mutations

((You are very nimble when in or above water. (Stealth+, EV+, Speed+++)))
Your lower body shifts to a powerful aquatic tail in water.


Message History

Trog appreciates your killing of a magic user.
You feel very sick.
The wolf bites you but does no damage. x2
Grum hits you from afar with a -1 glaive of venom!
* * * LOW HITPOINT WARNING * * *
You are lethally poisoned!
The steam dragon misses you.
The steam dragon claws you but does no damage.
The shadow imp shouts, "Quit, thou twisted fool-headed pumpion!"
You are no longer berserk.
You are exhausted.
You feel yourself slow down.
* * * LOW HITPOINT WARNING * * *
You feel very sick.
Okay, then.
Unknown command.
Unknown command.
You feel much better.
You feel extremely sick.
The wolf bites you but does no damage. x2; Grum barely misses you.
The wolf bites you but does no damage. x2; Grum closely misses you.
The wolf bites you but does no damage. The steam dragon breathes steam at you.
The ball of steam hits you. You resist.
* * * LOW HITPOINT WARNING * * *
The wolf bites you but does no damage.
You hear a shout! x5
You feel much better.
You feel extremely sick. The wolf bites you. x2
* * * LOW HITPOINT WARNING * * *
Grum hits you from afar with a -1 glaive of venom!
* * * LOW HITPOINT WARNING * * *
You are more poisoned.
The wolf bites you but does no damage. x2; The steam dragon bites you.
* * * LOW HITPOINT WARNING * * *
The steam dragon closely misses you. Grum completely misses you.
The wolf bites you.
* * * LOW HITPOINT WARNING * * *
You die...

.# ..........#.#.. .#
.............# ..
###....$....... ##
#####.............. ##
.............D........
.##............SgY)......
..........#..###hh.......
...........§§.§§.D5......
..........#.....@###.....
.#...<....#§#§♣..# ##..
.............♣P...... .
.#####...#..##.#..... .#
#.#....##.....<.. .#
##.......###......
.####.................
....)........##........
.###.........# ....


You could see Grum (fast), a steam dragon (catching breath), a water moccasin,
an acid dragon, a sky beast, 2 wolves and a shadow imp.

Vanquished Creatures
  The ghost of TheSexyCheese the Firebug, a novice DrFE (D:5)
  Maurice (D:8)
  Maggie (D:7)
  Prince Ribbit (D:8)
  6 yaks (D:6)
  A steam dragon (D:6)
  An ice beast (D:7)
  2 orc warriors (D:6)
  A sky beast (D:6)
  An ogre (D:6)
  A wolf (D:8)
  A phantom (D:4)
  2 centaurs
  A bullfrog (D:7)
  4 scorpions
  A necrophage (D:7)
  3 wights (D:7)
  An electric eel (D:7)
  A quasit (D:8)
  2 hounds
  4 jellies
  Crazy Yiuf (D:7)
  An orc priest (D:5)
  Terence (D:3)
  2 iguanas
  6 orc wizards
  Robin (D:2)
  3 gnolls (D:4)
  7 adders
  2 shadow imps (D:8)
  5 white imps
  3 ufetubi (D:8)
  A worm (D:2)
  4 dart slugs
  16 orcs
  4 bats
  3 endoplasms
  5 giant cockroaches
  14 goblins
  6 hobgoblins
  8 jackals
  3 kobolds
  4 quokkas
  2 ball pythons
  2 frilled lizards (D:2)
141 creatures vanquished.

Vanquished Creatures (others)
  3 demonic plants (D:8)
3 creatures vanquished.

Grand Total: 144 creatures vanquished

Notes
Turn   | Place    | Note
-------+----------+-------------------------------------------
     0 | D:1      | jejorda2 the Merfolk Berserker began the quest for the Orb.
     0 | D:1      | Reached XP level 1. HP: 18/18 MP: 1/1
    39 | D:1      | You fall into a shaft and drop 1 floor!
   213 | D:2      | Reached XP level 2. HP: 24/24 MP: 2/2
   525 | D:1      | Reached XP level 3. HP: 26/29 MP: 3/3
   739 | D:2      | Found a faded altar of an unknown god.
   942 | D:2      | Reached ** piety under Trog
  1037 | D:2      | Reached skill level 5 in Polearms
  1342 | D:2      | Noticed Robin
  1369 | D:2      | Killed Robin
  1370 | D:2      | Reached XP level 4. HP: 31/37 MP: 4/4
  1615 | D:3      | Noticed Terence
  1630 | D:3      | Killed Terence
  1637 | D:3      | Identified the +8 short sword of Gallantry {heavy, rPois
                  | rCorr}
  1986 | D:3      | Reached XP level 5. HP: 42/42 MP: 5/5
  2307 | D:4      | Reached skill level 6 in Polearms
  2491 | D:4      | Reached XP level 6. HP: 49/49 MP: 6/6
  2618 | D:4      | Found a shimmering blue altar of Sif Muna.
  2641 | D:4      | Reached skill level 7 in Polearms
  2673 | D:4      | Found Neufray's Weapon Shoppe.
  2678 | D:4      | Reached skill level 5 in Dodging
  2698 | D:4      | Reached *** piety under Trog
  2759 | D:4      | Reached skill level 5 in Fighting
  2759 | D:4      | Reached XP level 7. HP: 51/56 MP: 7/7
  2862 | D:4      | Bought 3 atropa-tipped darts for 32 gold pieces
  3155 | D:4      | Reached skill level 8 in Polearms
  3265 | D:5      | Entered Level 5 of the Dungeon
  3265 | D:5      | Found a runed translucent gate.
  3265 | D:5      | Found a runed translucent gate.
  3266 | D:5      | Found a runed translucent gate.
  3266 | D:5      | Noticed TheSexyCheese's ghost (novice DrFE)
  4102 | D:5      | Killed TheSexyCheese's ghost
  4103 | D:5      | Reached skill level 9 in Polearms
  4103 | D:5      | Reached XP level 8. HP: 64/64 MP: 8/8
  4131 | D:5      | Identified the +9 sling "Ogrebane" {flame, +Blink rPois rN+
                  | Int-3}
  4517 | D:6      | Reached skill level 10 in Polearms
  4593 | D:6      | Noticed a yak
  4599 | D:6      | Noticed a yak
  4600 | D:6      | Noticed a yak
  4602 | D:6      | Noticed a yak
  4603 | D:6      | Noticed a yak
  4604 | D:6      | Noticed a yak
  4606 | D:6      | Killed a yak
  4607 | D:6      | Reached skill level 11 in Polearms
  4609 | D:6      | Killed a yak
  4610 | D:6      | Reached XP level 9. HP: 69/69 MP: 9/9
  4617 | D:6      | Reached skill level 12 in Polearms
  4734 | D:6      | Reached skill level 5 in Throwing
  4962 | D:6      | Reached skill level 13 in Polearms
  5370 | D:7      | Found Joypiaz's Jewellery Emporium.
  5380 | D:7      | Noticed Maggie
  5391 | D:7      | Killed Maggie
  5618 | D:7      | Reached skill level 14 in Polearms
  5710 | D:7      | Found a runed translucent door.
  5711 | D:7      | Noticed Crazy Yiuf
  5716 | D:7      | Killed Crazy Yiuf
  5800 | D:7      | Reached skill level 1 in Evocations
  5800 | D:7      | Reached XP level 10. HP: 76/76 MP: 10/10
  5801 | D:7      | Found a staircase to the Ecumenical Temple.
  6045 | D:7      | Found Huuc Vupla's Magic Scroll Shoppe.
  6181 | D:8      | Noticed Prince Ribbit
  6220 | D:8      | Killed Prince Ribbit
  6318 | D:8      | Noticed Grum
  6319 | D:8      | Noticed Maurice
  6334 | D:8      | Killed Maurice
  6338 | D:8      | Succumbed to Grum's poison

Illustrated notes

Levels and vault maps discovered:
D:1:      lightli_arrival_lavapool, layout_basic
D:2:      layout_basic, ebering_ecumenical_altar_sacrificial,
          hangedman_decor_points, uniq_robin
D:3:      layout_loops_cross, uniq_terence
D:4:      layout_basic, nicolae_sif_muna_little_library, serial_shops, shop
D:5:      layout_cave_pods, gammafunk_ghost_split,
          chequers_serial_rivers_micro_e
D:6:      layout_basic
D:7:      layout_basic, minmay_temple_entry_offerings, serial_shops, shop,
          minmay_misc_feat_chi, fountainhead, minmay_shop_enchanted_jewellery,
          uniq_crazy_yiuf_cottage, uniq_maggie
D:8:      layout_rooms, serial_shops, nicolae_lakefront_shop, serial_demonic,
          serial_demonic_a, serial_demonic_b, serial_demonic_c,
          serial_demonic_c, serial_demonic_e, uniq_prince_ribbit1, uniq_maurice,
          uniq_pikel, uniq_grum

Skill      XL: |  1  2  3  4  5  6  7  8  9 10 |
---------------+-------------------------------+-----
Dodging        | 3 4 5 6 |  6.0
Polearms       | 5 6 7 9 11 14 | 14.7
Fighting       | 4 5 6 |  6.0
Throwing       | 2 4 6 |  6.0
Evocations     | 1 2 |  2.4
Armour         | 2 |  2.4

Action                   |  1- 3 |  4- 6 |  7- 9 | 10-12 || total
-------------------------+-------+-------+-------+-------++-------
Melee: Spear             |    85 |       |       |       ||    85
       Punch             |     1 |     2 |       |       ||     3
       Trident           |    30 |    95 |       |       ||   125
       Halberd           |       |    45 |   166 |       ||   211
       Glaive            |       |       |    75 |    87 ||   162
       Tailslap          |       |       |       |     2 ||     2
Throw: Stone             |     1 |     1 |     1 |       ||     3
Invok: Berserk           |     2 |     1 |     5 |     1 ||     9
       Trog's Hand       |       |       |     1 |     1 ||     2
  Use: Scroll            |       |       |    21 |     1 ||    22
       Potion            |       |       |       |     2 ||     2
 Stab: Sleeping          |     1 |       |       |       ||     1
Armor: Animal skin       |    16 |       |       |       ||    16
       Scale mail        |    15 |     6 |       |       ||    21
       Chain mail        |       |    48 |    51 |       ||    99
       Plate armour      |       |       |    64 |    70 ||   134
Dodge: Dodged            |    50 |    61 |    54 |    52 ||   217

Table legend: (Time is in decaauts)
 A = Elapsed time spent in this place.
 B = Non-inter-level travel time spent in this place.
 C = Inter-level travel time spent in this place.
 D = Time resting spent in this place.
 E = Time spent auto-exploring this place.
 F = Levels seen in this place.
 G = Mean time per level.
                   A        B        C        D        E       F      G
               +--------+--------+--------+--------+--------+-----+--------+
         Total |   6384 |   6121 |    263 |    433 |   4513 |   8 |  798.0 |
       Dungeon |   6384 |   6121 |    263 |    433 |   4513 |   8 |  798.0 |
               +--------+--------+--------+--------+--------+-----+--------+

Top non-repeatable levels by time:
     D:5: 1213 daAuts
     D:2: 1090 daAuts
     D:4: 1022 daAuts
     D:6: 885 daAuts
     D:7: 827 daAuts
     D:3: 699 daAuts
     D:1: 478 daAuts
     D:8: 167 daAuts
